 Dungeon Crawl Stone Soup version 0.21-a0-143-g1ab7d47 (webtiles) character file.

58 kidcy the Cudgeler (level 3, -2/28 HPs)
             Began as a Demonspawn Gladiator on July 24, 2017.
             Slain by an adder (4 damage)
             ... on level 1 of the Dungeon.
             The game lasted 00:04:56 (1917 turns).

kidcy the Cudgeler (Demonspawn Gladiator)           Turns: 1917, Time: 00:04:57

Health: -2/28      AC: 10    Str: 14    XL:     3   Next: 76%
Magic:  3/3        EV:  7    Int: 14    God:
Gold:   96         SH:  0    Dex: 15    Spells: 2/2 levels left

rFire    . . .     SeeInvis .   p - -2 hunting sling (curse)
rCold    + . .     Gourm    .   (no shield)
rNeg     . . .     Faith    .   l - +0 chain mail
rPois    .         Spirit   .   c - +1 helmet
rElec    .         Reflect  .   (no cloak)
rCorr    .         Harm     .   (no gloves)
MR       .....                  (no boots)
Stlth    ..........             (no amulet)
HPRegen  0.09/turn              (no ring)
MPRegen  0.08/turn              (no ring)

@: brilliant, lethally poisoned (-2 -> -4)
A: cold resistance 1, freezing cloud immunity
a: no special abilities


You were on level 1 of the Dungeon.
You were not hungry.

You visited 1 branch of the dungeon, and saw 2 of its levels.

You collected 96 gold pieces.

Inventory:

Hand Weapons
 a - a +0 flail
 p - a cursed -2 hunting sling (weapon)
Missiles
 d - 2 throwing nets (quivered)
Armour
 c - a +1 helmet (worn)
 l - a +0 chain mail (worn)
Jewellery
 b - an uncursed ring of stealth
Comestibles
 f - 2 bread rations


   Skills:
 + Level 2.6 Fighting
 * Level 3.6 Maces & Flails
 - Level 1.7 Throwing
 + Level 1.3 Armour
 - Level 2.6 Dodging


You had 2 spell levels left.
You didn't know any spells.

Dungeon Overview and Level Annotations

Branches:
Dungeon (2/15)

Altars:
Gozag
Zin


Innate Abilities, Weirdness & Mutations

Your flesh is cold resistant. (rC+)
You are immune to freezing clouds.


Message History

Really attack while wielding your cursed -2 hunting sling? [Y]es or [N]o only, please.
Really attack while wielding your cursed -2 hunting sling? [Y]es or [N]o only, please.
Really attack while wielding your cursed -2 hunting sling? [Y]es or [N]o only, please.
Really attack while wielding your cursed -2 hunting sling? [Y]es or [N]o only, please.
Really attack while wielding your cursed -2 hunting sling? [Y]es or [N]o only, please.
Really attack while wielding your cursed -2 hunting sling?
Okay, then.
Really attack while wielding your cursed -2 hunting sling? [Y]es or [N]o only, please.
Really attack while wielding your cursed -2 hunting sling? [Y]es or [N]o only, please.
Really attack while wielding your cursed -2 hunting sling?
You clumsily bash the adder but do no damage.
The adder closely misses you. The adder bites you.
You die...

#.#..#.##########.#........## #..
...........................># #.#
#.##.#.####..####...........# #[#
#.##.........# ###########.# #.#
#.##...#####.##############.# #.#
#.##...#.........##<..P≈≈≈#.# #.#
#.##...#.###.###.#####.≈P≈#.###.#
#......#.# #.# #S##.≈≈.≈≈P#......
#####..#.# #.# #@##P≈≈.≈≈≈#####.#
######.#.###.###.##≈≈≈.P≈≈# #..
...# #............#P≈..≈.≈#######
...# #.[####.###..#≈.≈≈≈P.#......
...# #............#'########.####
...# ##..###.####....# #.#
...#####.###.####..#.# #.#
...'...............#.# #.#
...######.##.####.##.# #.#


You could see an adder.

Vanquished Creatures
  3 adders (D:2)
  A dart slug (D:1)
  2 bats (D:1)
  A giant cockroach (D:2)
  3 hobgoblins
  9 jackals
  A kobold (D:2)
  A frilled lizard (D:2)
  3 goblins
  3 rats
27 creatures vanquished.

Notes
Turn   | Place    | Note
-------+----------+-------------------------------------------
     0 | D:1      | kidcy the Demonspawn Gladiator began the quest for the Orb.
     0 | D:1      | Reached XP level 1. HP: 16/16 MP: 1/1
     0 | D:1      | q
     0 | D:1      | q
   271 | D:1      | Reached skill level 3 in Maces & Flails
   276 | D:1      | Gained mutation: Your flesh is cold resistant. (rC+) [demonic ancestry]
   276 | D:1      | Reached XP level 2. HP: 22/22 MP: 2/2
   831 | D:2      | Reached skill level 1 in Armour
   906 | D:2      | Found an opulent altar of Gozag.
   948 | D:2      | Gained mutation: You are immune to freezing clouds. [demonic ancestry]
   948 | D:2      | Reached XP level 3. HP: 7/28 MP: 3/3
  1300 | D:2      | HP: 1/28 [poisoned by an adder]
  1608 | D:2      | Found a glowing silver altar of Zin.
  1917 | D:1      | Slain by an adder

Vault maps used:
D:1:      lightli_arrival_flooded_house
D:2:      zin_statuary, nicolae_ru_path_of_blood, lemuel_round_altar

Skill      XL: |  1  2 |
---------------+-------+-----
Maces & Flails | 3 |  3.6
Armour         | 1 |  1.3
Fighting       | |  2.6
Throwing       | |  1.7
Dodging        | |  2.6

Action                   || total
-------------------------++-------
Melee: Flail             ||   126
       Hunting sling     ||   118
Throw: Throwing net      ||     5
  Use: Scroll            ||     5
       Potion            ||     4
 Stab: Held in net/web   ||     2
  Eat: Bread ration      ||     1
Armor: Scale mail        ||    30
       Leather armour    ||     4
       Chain mail        ||   145
       Skin              ||    36
Dodge: Dodged            ||   116
